 Dungeon Crawl Stone Soup version 0.28-a0-899-gf2b78a14d2 (webtiles) character file.

Game seed: 8759153429197703314

7312 AvatarAndi78 the Cleaver (level 10, -77/135 HPs)
             Began as a White Draconian Berserker on Nov 23, 2021.
             Was a Priest of Trog.
             Annihilated by a titanic slime creature (99 damage)
             ... on level 12 of the Dungeon.
             The game lasted 00:20:21 (11219 turns).

AvatarAndi78 the Cleaver (DrBe)                    Turns: 11219, Time: 00:20:23

Health: -77/135    AC:  8    Str: 19    XL:     10   Next: 90%
Magic:  10/10      EV: 15    Int:  8    God:    Trog [***...]
Gold:   323        SH:  0    Dex: 14    Spells: 9/9 levels left

rFire   . . .      SeeInvis +   d - +7 halberd
rCold   + + .      Faith    .   (shield currently unavailable)
rNeg    . . .      Spirit   .   (armour unavailable)
rPois   +          Reflect  .   (helmet restricted)
rElec   .          Harm     .   i - +0 cloak
rCorr   +          Rampage  .   (no gloves)
Will    ++...                   (no boots)
Stlth   ..........              (no amulet)
HPRegen 1.32/turn               h - ring of poison resistance
MPRegen 0.12/turn               t - ring of Dicif {rC+ rCorr SInv}

@: berserking (expiring), short of breath, strong-willed, regenerating, very
quick
A: breathe frost, AC +7, unfitting armour, cold resistance 1, cold-blooded
a: Breathe Frost, Renounce Religion, Berserk, Trog's Hand


You were on level 12 of the Dungeon.
You worshipped Trog.
Trog was most pleased with you.
You visited 1 branch of the dungeon, and saw 11 of its levels.

You collected 371 gold pieces.
You spent 48 gold pieces at shops.

Inventory:

Hand Weapons
 b - a +3 broad axe of flaming
 d - a +7 halberd (weapon)
 e - a +2 antimagic war axe
Missiles
 o - 2 throwing nets (quivered)
Armour
 i - a +0 cloak (worn)
 k - a +0 kite shield
Jewellery
 h - a ring of poison resistance (left hand)
 j - a ring of flight
 t - the ring of Dicif (right hand) {rC+ rCorr SInv}
   (You acquired it on level 12 of the Dungeon)

   [ring of resist corrosion]

   rC:        It protects you from cold.
   SInv:      It lets you see invisible.
   rCorr:     It protects you from acid and corrosion.
Wands
 l - a wand of iceblast (1)
 p - a wand of acid (21)
 s - a wand of flame (18)
Scrolls
 a - 2 scrolls of holy word
 g - a scroll of magic mapping
 q - a scroll of noise {unknown}
 r - a scroll of enchant armour {unknown}
 u - a scroll of teleportation
 v - 2 scrolls of identify
 w - a scroll of torment {unknown}
 x - a scroll of blinking {unknown}
 y - a scroll of summoning {unknown}
Potions
 c - 3 potions of might
 f - 2 potions of mutation {unknown}
 m - a potion of cancellation {unknown}
 n - a potion of attraction {unknown}
 z - a potion of invisibility {unknown}


   Skills:
 + Level 8.6 Fighting
 + Level 10.1(11.5) Axes
 + Level 8.6(10.8) Polearms
 + Level 6.7 Dodging
 + Level 4.1 Stealth
 + Level 0.7 Evocations


You had 9 spell levels left.
You didn't know any spells.
Your spell library was empty.

Dungeon Overview and Level Annotations

Branches:
Dungeon (10/15)            Temple (0/1) D:5            Lair (0/6) D:8
    Orc: D:9-12

Altars:
Dithmenos
Fedhas
Gozag
Kikubaaqudgha
Okawaru
Qazlal
Ru
Uskayaw
Vehumet
Yredelemnul
Zin
The Shining One

Shops:
D:2 ?   D:7 [   D:12 *

Annotations:
D:8 1 runed translucent door, BlueGoblin's ghost, novice VSBe


Innate Abilities, Weirdness & Mutations

You can breathe waves of freezing cold which knock back foes.
Your icy white scales are hard. (AC +7)
You cannot fit into any form of body armour.
Your flesh is cold resistant. (rC+)
You are cold-blooded and may be slowed by cold attacks.


Message History

You barely miss the titanic slime creature.
You tail-slap the titanic slime creature!
The titanic slime creature is moderately wounded.
The slime creature barely misses you.
The large slime creature closely misses you.
A vampire mosquito comes into view.
You slice the titanic slime creature!!
You tail-slap the titanic slime creature!
The titanic slime creature is heavily wounded.
The vampire mosquito barely misses you.
The slime creature hits you but does no damage.
The large slime creature misses you.
You slice the titanic slime creature!!
The titanic slime creature is heavily wounded.
The vampire mosquito closely misses you.
You impale the titanic slime creature!!
You tail-slap the titanic slime creature.
The titanic slime creature is heavily wounded.
The vampire mosquito closely misses you.
The slime creature hits you!
* * * LOW HITPOINT WARNING * * *
The large slime creature hits you!
* * * LOW HITPOINT WARNING * * *
An orc comes into view. It is wielding a +0 flail.
The titanic slime creature barely misses you.
The vampire mosquito barely misses you.
You impale the titanic slime creature!!
The titanic slime creature is severely wounded.
You hear an angry buzzing noise.
The vampire mosquito closely misses you.
The slime creature hits you.
* * * LOW HITPOINT WARNING * * *
A large slime creature splits.
You slice the titanic slime creature!!
You tail-slap the titanic slime creature!
The titanic slime creature is severely wounded.
The vampire mosquito closely misses you.
The titanic slime creature hits you!!!!
Ouch! That really hurt!
You die...

....# #.##.#.# ###
....#####......#....
.......##...........
....##.##.##..#.....
....##.##........#.#
######........#..#.#
#..#..##.#..#.# #
######........#Jy#.# ..
....###.#......J@#.##.#.#
###.###.##.....JJ#......#
# #.....########yy.....#
# ####### #o..J..∩# #
#.##.....# # #.# ...... #
.o. ...## # .#.. ..$..
.#.# #...


You could see a titanic slime creature, 3 slime creatures, an orc warrior, 3
vampire mosquitoes and an orc.

Vanquished Creatures
  Harold (D:7)
  A two-headed ogre (D:10)
  A deep elf pyromancer (D:9)
  A manticore (D:12)
  Joseph (D:7)
  An unseen horror (D:12)
  A troll (D:9)
  A wraith (D:9)
  5 yaks (D:8)
  A steam dragon (D:9)
  Edmund (D:6)
  A water moccasin (D:5)
  2 orc warriors
  A sky beast (D:8)
  3 ogres
  A necrophage (D:5)
  7 centaurs
  The ghost of xoxolimbo the Firebug, an amateur DsFE (D:3)
  Blork the orc (D:5)
  A kobold brigand (D:7)
  4 bullfrogs
  3 scorpions
  8 wights
  A centaur zombie (D:8)
  8 hounds
  5 orc priests
  A centaur skeleton (D:7)
  A jelly (D:5)
  A gnoll shaman (D:7)
  12 orc wizards
  A hound skeleton (D:4)
  12 gnolls
  A howler monkey zombie (D:5)
  7 adders
  A shadow imp (D:8)
  2 white imps
  2 ufetubi (D:5)
  An adder skeleton (D:3)
  A worm (D:2)
  A dart slug (D:1)
  30 orcs
  7 ball pythons
  4 bats
  2 endoplasms
  3 giant cockroaches
  9 goblins
  9 hobgoblins
  11 kobolds
  5 quokkas
  6 frilled lizards
  10 rats
202 creatures vanquished.

Vanquished Creatures (others)
  2 withered plants (D:3)
2 creatures vanquished.

Grand Total: 204 creatures vanquished

Notes
Turn   | Place    | Note
-------+----------+-------------------------------------------
     0 | D:1      | AvatarAndi78 the Draconian Berserker began the quest for
                  | the Orb.
     0 | D:1      | Reached XP level 1. HP: 19/19 MP: 1/1
   109 | D:1      | Reached XP level 2. HP: 25/26 MP: 2/2
   397 | D:1      | Found a faded altar of an unknown god.
   702 | D:1      | Reached ** piety under Trog
   703 | D:1      | Reached XP level 3. HP: 33/33 MP: 3/3
  1006 | D:2      | Found Ylys Putt's Magic Scroll Boutique.
  1014 | D:2      | Bought a scroll of identify for 24 gold pieces
  1014 | D:2      | Bought a scroll of identify for 24 gold pieces
  1796 | D:3      | Reached skill level 4 in Axes
  1841 | D:3      | Reached XP level 4. HP: 36/40 MP: 4/4
  2062 | D:3      | Reached XP level 5. HP: 46/46 MP: 5/5
  2280 | D:3      | Found a runed translucent door.
  2280 | D:3      | Noticed xoxolimbo's ghost (amateur DsFE)
  2761 | D:3      | Found a glowing silver altar of Zin.
  2864 | D:4      | Reached skill level 5 in Axes
  2864 | D:4      | Reached skill level 1 in Stealth
  3165 | D:4      | Reached XP level 6. HP: 52/52 MP: 6/6
  3279 | D:4      | Found a stormy altar of Qazlal.
  3739 | D:4      | Reached skill level 6 in Axes
  4014 | D:4      | Your scales start taking on an icy white colour.
  4014 | D:4      | Reached XP level 7. HP: 60/60 MP: 7/7
  4014 | D:4      | Gained mutation: Your flesh is cold resistant. (rC+) [White
                  | Draconian growth]
  4022 | D:4      | Found a hide-covered altar of Uskayaw.
  4202 | D:5      | Entered Level 5 of the Dungeon
  4221 | D:5      | Noticed Blork the orc
  4226 | D:5      | Killed Blork the orc
  4239 | D:5      | Reached *** piety under Trog
  4326 | D:5      | Reached skill level 7 in Axes
  4358 | D:5      | Reached skill level 5 in Fighting
  4461 | D:5      | Found a radiant altar of Vehumet.
  4503 | D:5      | Reached XP level 8. HP: 37/68 MP: 8/8
  5012 | D:5      | Reached skill level 8 in Axes
  5243 | D:5      | Found a staircase to the Ecumenical Temple.
  5525 | D:5      | Identified a scroll of acquirement
  5525 | D:5      | Acquired a +3 broad axe of flaming
  5900 | D:6      | Noticed Edmund
  5912 | D:6      | Reached skill level 5 in Dodging
  5912 | D:6      | Killed Edmund
  5913 | D:6      | Reached skill level 9 in Axes
  6263 | D:6      | Found an iron altar of Okawaru.
  6455 | D:6      | Reached XP level 9. HP: 75/75 MP: 9/9
  6679 | D:7      | Found Xaellaog's Armour Emporium.
  6932 | D:7      | Noticed Joseph
  6945 | D:7      | Killed Joseph
  6946 | D:7      | Reached skill level 1 in Polearms
  6981 | D:7      | Reached skill level 10 in Axes
  7476 | D:7      | Noticed Harold
  7497 | D:7      | Killed Harold
  7998 | D:3      | Killed xoxolimbo's ghost
  7999 | D:3      | Reached skill level 5 in Polearms
  8121 | D:8      | Reached **** piety under Trog
  8217 | D:8      | Reached XP level 10. HP: 82/86 MP: 10/10
  8400 | D:8      | Noticed BlueGoblin's ghost (novice VSBe)
  8401 | D:8      | Found a runed translucent door.
  8629 | D:8      | Found a staircase to the Lair.
  9236 | D:9      | Found a sacrificial altar of Ru.
  9800 | D:9      | Noticed a deep elf pyromancer
  9815 | D:9      | Killed a deep elf pyromancer
 10550 | D:10     | Entered Level 10 of the Dungeon
 10706 | D:10     | Found a shadowy altar of Dithmenos.
 10706 | D:10     | Found a basalt altar of Yredelemnul.
 10706 | D:10     | Found a glowing golden altar of the Shining One.
 10708 | D:10     | Found an ancient bone altar of Kikubaaqudgha.
 10708 | D:10     | Found an opulent altar of Gozag.
 10717 | D:10     | Noticed a two-headed ogre
 10729 | D:10     | Killed a two-headed ogre
 10890 | D:10     | You are sucked into a shaft and drop 2 floors!
 11036 | D:12     | Found a blossoming altar of Fedhas.
 11086 | D:12     | Acquired the ring of Dicif {rC+ rCorr SInv}
 11193 | D:12     | Noticed a manticore
 11194 | D:12     | Found Sifaafup's General Store.
 11208 | D:12     | Killed a manticore
 11219 | D:12     | Annihilated by a titanic slime creature

Illustrated notes

Levels and vault maps discovered:
D:1:      dpeg_arrival_connections, layout_basic, basic_ecumenical_altar
D:2:      layout_basic, serial_shops, shop
D:3:      layout_basic, mainiacjoe_overflow_alcove_4, gammafunk_ghost_grave
D:4:      layout_loops_corners, mainiacjoe_overflow_catwalk,
          lemuel_coloured_pillars_altar, minivault_25
D:5:      layout_loops_corners, mainiacjoe_overflow_paths,
          minmay_temple_entry_fiery, kennysheep_crisscross,
          minmay_misc_feat_cross, minivault_24,
          eino_small_chamber_without_monster, supply_closet_lemuel,
          uniq_blork_the_orc
D:6:      layout_basic, general_overflow_altar, uniq_edmund
D:7:      layout_basic, serial_shops, shop, hangedman_decor_clover_reticule,
          uniq_harold, uniq_joseph
D:8:      layout_loops_corners, lair_entry_dummy, hellmonk_ghost_happy_afterlife
D:9:      layout_stronghold, nicolae_ru_awakened_eye
D:10:     layout_roguey, grunt_temple_overflow_open,
          mainiacjoe_overflow_cross_hatched, makhleb_altar_promises_db,
          serial_shops, kennysheep_mini
D:12:     layout_loops_cross, serial_shops, shop, shop, fedhas_altar_3,
          uniq_snorg, uniq_fannar

Skill      XL: |  1  2  3  4  5  6  7  8  9 10 |
---------------+-------------------------------+-----
Dodging        | 3 4 5 6 |  6.7
Axes           | 4 5 6 7 9 10 | 10.1
Fighting       | 4 5 6 7 8 |  8.6
Stealth        | 1 2 3 4 |  4.1
Polearms       | 5 8 |  8.6
Evocations     | |  0.7

Action                   |  1- 3 |  4- 6 |  7- 9 | 10-12 || total
-------------------------+-------+-------+-------+-------++-------
Melee: Hand axe          |    49 |       |       |       ||    49
       Tailslap          |    12 |    12 |    28 |    26 ||    78
       Battleaxe         |    82 |    99 |    78 |       ||   259
       Broad axe         |       |       |    60 |       ||    60
       Halberd           |       |       |    89 |   137 ||   226
Invok: Berserk           |     1 |     3 |     3 |     3 ||    10
       Trog's Hand       |       |     2 |     5 |     3 ||    10
 Abil: Breathe Frost     |       |       |     2 |     1 ||     3
Evoke: Wand              |       |       |     4 |     3 ||     7
  Use: Scroll            |     3 |     1 |     7 |     1 ||    12
       Potion            |       |       |     1 |       ||     1
 Stab: Sleeping          |     2 |     1 |     4 |       ||     7
       Distracted        |       |       |     1 |     2 ||     3
Armor: Skin              |    36 |    33 |    72 |    50 ||   191
Dodge: Dodged            |   109 |    92 |   178 |    95 ||   474

Table legend: (Time is in decaauts)
 A = Elapsed time spent in this place.
 B = Non-inter-level travel time spent in this place.
 C = Inter-level travel time spent in this place.
 D = Time resting spent in this place.
 E = Time spent auto-exploring this place.
 F = Levels seen in this place.
 G = Mean time per level.
                   A        B        C        D        E       F      G
               +--------+--------+--------+--------+--------+-----+--------+
         Total |  11451 |  11023 |    428 |      0 |   9498 |  11 | 1041.0 |
       Dungeon |  11451 |  11023 |    428 |      0 |   9498 |  11 | 1041.0 |
               +--------+--------+--------+--------+--------+-----+--------+

Top non-repeatable levels by time:
     D:5: 1615 daAuts
     D:3: 1524 daAuts
     D:9: 1388 daAuts
     D:4: 1333 daAuts
     D:7: 1325 daAuts
     D:8: 1070 daAuts
     D:1: 947 daAuts
     D:6: 853 daAuts
     D:2: 718 daAuts
    D:10: 351 daAuts
    D:12: 322 daAuts
